 Dungeon Crawl Stone Soup version 0.17.2-1-ge4368a0 (webtiles) character file.

63 ololoev the Chopper (level 3, 0/29 HPs)
             Began as a Demonspawn Berserker on July 28, 2016.
             Was a Believer of Trog.
             Slain by a river rat (5 damage)
             ... in a sewer.
             The game lasted 00:02:46 (421 turns).

ololoev the Chopper (Demonspawn Berserker)           Turns: 421, Time: 00:02:47

Health: 0/29       AC:  4    Str: 18    XL:     3   Next: 89%
Magic:  3/3        EV: 12    Int:  8    God:    Trog [**....]
Gold:   16         SH:  0    Dex: 12    Spells: 0 memorised, 2 levels left

rFire  + . .     SeeInvis .     a - +0 hand axe
rCold  . . .     Clarity  .     b - +0 animal skin
rNeg   . . .     SustAt   .     (no shield)
rPois  .         Gourm    .     (no helmet)
rElec  .         Spirit   .     (no cloak)
rCorr  .         Warding  .     (no gloves)
rMut   .         Stasis   .     (no boots)
MR     .....                    (no amulet)
Stlth  +.........               (no ring)
                                (no ring)

@: not resistant to hostile enchantments, very unstealthy
A: yellow scales 1, fire resistance 1
a: Berserk, Trog's Hand, Burn Spellbooks, Renounce Religion


Innate Abilities, Weirdness & Mutations

You are partially covered in yellow scales (AC +2).
Your flesh is heat resistant.

Inventory:

Hand Weapons
 a - a +0 hand axe (weapon)
Armour
 b - a +0 animal skin (worn)
Scrolls
 d - a scroll of identify {unknown}
 i - a scroll of enchant weapon {unknown}
 j - a scroll of remove curse {unknown}
 k - a scroll of teleportation {unknown}
Potions
 e - a potion of might {unknown}
 g - a potion of heal wounds {unknown}
 l - a potion of haste {unknown}
Comestibles
 c - a bread ration
 f - a meat ration
 h - a chunk of flesh


   Skills:
 - Level 3.0 Fighting
 * Level 3.7 Axes
 + Level 2.2 Armour
 + Level 2.4 Dodging


You had 2 spell levels left.
You didn't know any spells.
You were in a sewer. You worshipped Trog. Trog was pleased with you. You were not hungry. You visited 1 branch of the dungeon, and saw 3 of its levels. You also visited: Sewer. You collected 16 gold pieces. ##### ### #∩..## ## #...## ###..## #..∩ ....r.#####..##...# ......r.##.......## ......r@..........# ......r............. ≈≈.................. ≈≈≈≈≈≈........≈≈≈≈≈≈ ≈≈≈≈≈≈≈≈.....≈≈≈≈≈≈≈ ≈≈≈≈≈≈≈≈≈≈≈≈≈≈≈≈≈≈≈≈ ≈≈≈≈≈≈≈≈≈≈≈≈≈≈≈≈≈≈≈≈ ≈≈≈≈≈≈≈≈≈≈≈≈≈≈≈≈≈≈≈

Notes
Turn   | Place    | Note
--------------------------------------------------------------
     0 | D:1      | ololoev the Demonspawn Berserker began the quest for the Orb.
     0 | D:1      | Reached XP level 1. HP: 18/18 MP: 1/1
    78 | D:2      | Gained mutation: You are partially covered in yellow scales (AC +2). [demonic ancestry]
    78 | D:2      | Reached XP level 2. HP: 24/24 MP: 2/2
    85 | D:2      | Gained mutation: Your flesh is heat resistant. [demonic ancestry]
    85 | D:2      | Reached XP level 3. HP: 29/29 MP: 3/3
   247 | D:3      | Reached ** piety under Trog
   405 | D:3      | Found a glowing drain.
   409 | Sewer    | Entered a sewer
   421 | Sewer    | Slain by a river rat

Dungeon Overview and Level Annotations

Branches:
Dungeon (3/15)

Altars:


Message History

w - Wait here. f - Follow me.
Anything else - Stay silent.
You shout for attention!
You enter the shallow water.
Moving in this stuff is going to be slow.
You hear the rusting of a drain.
You enter the shallow water.
Moving in this stuff is going to be slow.
What do you say? t - Shout!
Orders for allies: a - Attack new target. r - Retreat! s - Stop attacking. w - Wait here. f - Follow me.
Anything else - Stay silent.
You shout for attention!
You enter the shallow water.
Moving in this stuff is going to be slow.
Found a glowing drain.
There is a glowing drain here.
The world spins around you as you enter the gateway.
You enter a sewer!
There is an empty arch of ancient stone here.
Found a gate leading back out of this place.
A river rat comes into view.
A rat and a river rat come into view.
A rat comes into view.
The river rat bites you.
You hit the river rat.
The river rat is heavily wounded.
The river rat bites you.
You hit the river rat but do no damage.
The river rat is heavily wounded.
The river rat misses you.
Unknown command.
You hit the river rat but do no damage.
The river rat is heavily wounded.
You closely miss the river rat. You hit the rat.
The rat is heavily wounded.
The river rat bites you! The river rat bites you.
You die...

You could see 2 river rats and 2 rats.

Vanquished Creatures
  A river rat (D:3)
  3 gnolls (D:2)
  2 worms (D:3)
  3 giant cockroaches (D:3)
  A hobgoblin (D:3)
  A quokka (D:2)
  4 bats
  2 giant newts (D:3)
  4 goblins
  2 kobolds (D:3)
  A rat (D:2)
24 creatures vanquished.

Action                   || total
-------------------------++-------
Melee: Hand axe          ||    80
Invok: Berserk           ||     3
       Trog's Hand       ||     1
 Stab: Sleeping          ||     1
  Eat: Chunk             ||     2

Vault maps used:
D:1:      lightli_arrival_statue_moat, serial_bayou_pond_c
D:2:      uniq_sigmund, uniq_terence
D:3:      lemuel_coloured_pillars_altar, gup_sewer_entry_spiral
Sewer:    sewer_minmay_treatment
